 Dungeon Crawl Stone Soup version 0.29.1-2-gbd0b4ee654 (webtiles) character file.

Game seed: 8813902511811714413

1712 MisterFreud the Cruncher (level 9, -19/68 HPs)
             Began as a Formicid Gladiator on Oct 23, 2022.
             Was a Follower of Yredelemnul.
             Demolished by a two-headed ogre
             ... wielding a +0 giant club
              (24 damage)
             ... on level 9 of the Dungeon.
             The game lasted 00:08:50 (6790 turns).

MisterFreud the Cruncher (Formicid Gladiator)       Turns: 6790, Time: 00:08:51

Health: -19/68     AC:  8    Str: 20 (21) XL:     9   Next: 24%
Magic:  9/9        EV: 11    Int:  3 (8)  God:    Yredelemnul [*.....]
Gold:   294        SH:  0    Dex: 16 (17) Spells: 8/8 levels left

rFire   . . .      SeeInvis +   a - +4 quarterstaff (elec)
rCold   . . .      Faith    .   q - orb {light}
rNeg    . . .      Spirit   .   j - +0 scale mail
rPois   .          Reflect  .   (helmet unavailable)
rElec   .          Harm     .   (no cloak)
rCorr   .          Rampage  .   t - +0 pair of gloves
Will    .....                   (no boots)
Stlth   ..........              o - amulet of the acrobat
HPRegen 0.21/turn               w - +4 ring of slaying
MPRegen 0.11/turn               (no ring)

@: glowing
A: permanent stasis, dig shafts and tunnels, antennae 3, four strong arms
a: Dig, Shaft Self, Renounce Religion, Recall Undead Harvest


You were on level 9 of the Dungeon.
You worshipped Yredelemnul.
Yredelemnul was noncommittal.
You visited 2 branches of the dungeon, and saw 11 of its levels.

You collected 294 gold pieces.

Inventory:

Hand Weapons
 a - a +4 quarterstaff of electrocution (weapon)
 e - the +2 dagger of Hubris {drain, rPois rCorr SInv}
   (You found it on level 3 of the Dungeon)

   A truly terrible weapon, it drains the life of any living foe it strikes.
   rPois:     It protects you from poison.
   SInv:      It lets you see invisible.
   rCorr:     It protects you from acid and corrosion.
Missiles
 c - 3 throwing nets (quivered)
 d - a javelin
 k - 10 poisoned darts
 u - 3 boomerangs
Armour
 j - a +0 scale mail (worn)
 q - an orb of light (worn)
 t - a +0 pair of gloves (worn)
Jewellery
 i - a ring of magical power
 o - an amulet of the acrobat (around neck)
 w - a +4 ring of slaying (left hand)
Wands
 f - a wand of mindburst (11)
 x - a wand of paralysis (10)
Potions
 b - a potion of brilliance
 g - a potion of lignification {unknown}
 h - 2 potions of invisibility
 l - 5 potions of flight
 n - a potion of heal wounds


   Skills:
 - Level 5.0 Fighting
 + Level 9.8 Staves
 - Level 2.0 Throwing
 - Level 5.0 Armour
 - Level 2.6 Dodging


You had 8 spell levels left.
You didn't know any spells.
Your spell library contained the following spells:

 Spells                   Type           Power      Damage    Failure   Level
 Foxfire                  Conj/Fire      0%         2x1d4     86%         1
 Conjure Flame            Conj/Fire      0%         6-21      99%         3
 Ignite Poison            Fire/Tmut/Pois 0%         N/A       99%         3
 Inner Flame              Hex/Fire       0%         N/A       99%         3
 Flame Wave               Conj/Fire      0%         2d4       100%        4
 Sticky Flame             Conj/Fire      0%         2d3       100%        4
 Iskenderun's Battlesphe  Conj           0%         2d6       100%        5
 Iron Shot                Conj/Erth      0%         9d1       100%        6
 Spellforged Servitor     Conj/Summ      0%         N/A       100%        7


Dungeon Overview and Level Annotations

Branches:
Dungeon (10/15)            Temple (1/1) D:4
   Lair: D:8-11         Orc: D:9-12

Altars:
Ashenzari
Cheibriados
Elyvilon
Fedhas
Gozag
Hepliaklqana
Makhleb
Nemelex Xobeh
Okawaru
Qazlal
Sif Muna
Trog
Uskayaw
Vehumet
Wu Jian
Xom
Yredelemnul
Zin

Shops:
D:4 [

Annotations:
D:5 2 transporters, shugdite's ghost, novice MiMo
D:9 exclusion: orange crystal statue, Pikel


Innate Abilities, Weirdness & Mutations

You cannot be hasted, slowed, berserked, paralysed or teleported.
You can dig through walls and to a lower floor.
You have a pair of large antennae on your head. (SInv)
Your four strong arms can wield two-handed weapons with a shield.


Message History

Pikel shouts!
The lemure shouts!
A lemure comes into view.
A two-headed ogre comes into view. It is wielding two +0 giant clubs.
The two-headed ogre shouts in stereo!
Pikel scowls and wipes his hands on his robe.
A lemure comes into view.
The lemure shouts!
The lemure hits you but does no damage. The lemure attacks as you move away!
The lemure completely misses you.
You swap places.
The lemure hits your kobold zombie!
Your kobold zombie closely misses the lemure.
You swap places.
The lemure hits your kobold zombie. Pikel barely misses your kobold zombie.
Your kobold zombie barely misses the lemure.
The lemure hits your kobold zombie.
Your kobold zombie is destroyed!
Pikel hits your kobold brigand zombie with a +1 whip of freezing.
Your kobold brigand zombie hits the lemure but does no damage.
You swap places.
You swap places.
You bludgeon the lemure!! Lightning courses through the lemure!!
You kill the lemure!
That felt strangely unrewarding.
You thump the two-headed ogre!
The two-headed ogre is moderately wounded.
The two-headed ogre hits you with a +0 giant club!!
The two-headed ogre hits you with a +0 giant club!
A lemure opens the door.
You hit the two-headed ogre.
Lightning courses through the two-headed ogre!!
The two-headed ogre is severely wounded.
The lemure hits your kobold zombie.
Something hits your kobold brigand zombie.
You sock the two-headed ogre!
The two-headed ogre is almost dead.
The two-headed ogre hits you with a +0 giant club!!
* * * LOW HITPOINT WARNING * * *
The two-headed ogre hits you with a +0 giant club!!
You die...
Your body rises from the dead as a mindless zombie.

....# ######### ....#
#.......# ....# #.......#
....# #.......# ....#######
#.......+ . ..........#
#.......# ... ..........#
#.#######.....
####.ZZ...#######OKZ..........
#...Z........@#5.{.........
#.............Z5...........
#.............########.....
#.................. .....
#........)......... ....
#.......)).......... ...
##'####............. ###
#....#.............
#....#.............


You could see a two-headed ogre (ally target), Pikel, a lemure, a friendly
kobold zombie and a friendly kobold brigand zombie.

Vanquished Creatures
  Prince Ribbit (D:5)
  A sky beast (D:6)
  2 orc warriors
  A black bear (D:5)
  A lemure (D:9)
  A phantom (D:6)
  A kobold brigand (D:9)
  3 bullfrogs
  A crimson imp (D:5)
  5 hounds
  2 orc priests
  3 jellies
  2 iguanas
  6 orc wizards
  3 gnolls (D:2)
  9 adders
  A white imp (D:4)
  3 dart slugs
  24 orcs
  2 bats (D:1)
  8 endoplasms
  3 giant cockroaches
  4 hobgoblins (D:2)
  9 jackals
  4 quokkas
  2 ball pythons
  20 frilled lizards
  4 goblins
  13 kobolds
  6 rats
145 creatures vanquished.

Vanquished Creatures (collateral kills)
  An orc priest (D:7)
  7 orcs
8 creatures vanquished.

Vanquished Creatures (others)
  A bullfrog zombie (D:7)
  An adder zombie (D:6)
  A kobold zombie (D:9)
  8 orc zombies
  6 plants (D:2)
17 creatures vanquished.

Grand Total: 170 creatures vanquished

Notes
Turn   | Place    | Note
-------+----------+-------------------------------------------
     0 | D:1      | MisterFreud the Formicid Gladiator began the quest for the
                  | Orb.
     0 | D:1      | Reached XP level 1. HP: 16/16 MP: 1/1
    24 | D:1      | Found a faded altar of an unknown god.
   186 | D:1      | Reached XP level 2. HP: 19/22 MP: 2/2
   501 | D:1      | Reached skill level 4 in Staves
   501 | D:1      | Reached XP level 3. HP: 27/27 MP: 3/3
  1538 | D:2      | Reached XP level 4. HP: 31/33 MP: 4/4
  1595 | D:2      | Found a burning altar of Makhleb.
  2019 | D:2      | Reached skill level 5 in Staves
  2040 | D:2      | Reached XP level 5. HP: 11/38 MP: 5/5
  2641 | D:3      | Found a snail-covered altar of Cheibriados.
  2843 | D:3      | Identified the +0 leather armour of Moschaenu {rF- Will++
                  | Regen+ rCorr}
  2877 | D:3      | Identified the +2 dagger of Hubris {drain, rPois rCorr
                  | SInv}
  3255 | D:3      | Found a broken altar of Ashenzari.
  3257 | D:3      | Reached skill level 6 in Staves
  3417 | D:4      | Reached skill level 1 in Armour
  3417 | D:4      | Reached XP level 6. HP: 28/46 MP: 6/6
  3771 | D:4      | Found a staircase to the Ecumenical Temple.
  3796 | Temple   | Entered the Ecumenical Temple
  3804 | Temple   | Became a worshipper of Yredelemnul the Dark
  3892 | D:4      | Found a hide-covered altar of Uskayaw.
  4181 | D:4      | Reached * piety under Yredelemnul
  4223 | D:4      | Found Plog's Armour Shoppe.
  4241 | D:5      | Entered Level 5 of the Dungeon
  4362 | D:5      | Reached XP level 7. HP: 53/53 MP: 7/7
  4462 | D:5      | Found a transporter.
  4465 | D:5      | Noticed shugdite's ghost (novice MiMo)
  4498 | D:5      | Found a transporter.
  4534 | D:5      | Noticed Prince Ribbit
  4547 | D:5      | Killed Prince Ribbit
  4948 | D:5      | Reached skill level 5 in Fighting
  5129 | D:5      | Reached skill level 5 in Armour
  5195 | D:5      | Found a shimmering altar of Xom.
  5196 | D:5      | Found a burning altar of Makhleb.
  5198 | D:5      | Reached XP level 8. HP: 62/62 MP: 8/8
  5515 | D:6      | Reached skill level 7 in Staves
  5832 | D:7      | Found a radiant altar of Vehumet.
  5839 | D:6      | Reached skill level 8 in Staves
  6033 | D:7      | Reached XP level 9. HP: 60/68 MP: 9/9
  6162 | D:7      | Reached ** piety under Yredelemnul
  6166 | D:7      | Reached skill level 9 in Staves
  6176 | D:7      | You fall into a shaft and drop 1 floor!
  6184 | D:8      | You fall into a shaft and drop 1 floor!
  6393 | D:10     | Entered Level 10 of the Dungeon
  6431 | D:9      | Noticed an orange crystal statue
  6773 | D:9      | Noticed Pikel
  6776 | D:9      | Noticed a two-headed ogre
  6790 | D:9      | Demolished by a two-headed ogre

Illustrated notes

Levels and vault maps discovered:
D:1:      psy_arrival_radial01, layout_loops_corners,
          chequers_ecumenical_altar_simple, roderic_serpentine_path,
          hangedman_decor_growths
D:2:      layout_rooms, basic_altar, minmay_misc_feat_alley, chequers_arboretum,
          dreamdust_princess_corridor, minmay_lizard_king
D:3:      layout_loops_ring, ashenzari_altar_1, cheibriados_altar_1,
          bh_walls_and_bars
D:4:      layout_loops_cross, nicolae_uskayaw_suspiria,
          minmay_temple_entry_mini_moons, serial_shops, kennysheep_mini_moat
D:5:      layout_loops_corners, grunt_temple_overflow_champion_of_chaos,
          gammafunk_ghost_stat_death, nrook_mini_vaults, uniq_prince_ribbit1
D:6:      layout_rooms, lightli_orcish_oven
D:7:      layout_basic, mainiacjoe_overflow_boulevard, nicolae_ru_path_of_blood,
          dreamdust_gnoll_shepherd, uniq_duvessa
D:8:      layout_cave_pools, lemuel_crystal_altar,
          nicolae_dithmenos_through_a_glass_darkly, hangedman_decor_opposing,
          uniq_gastronok, uniq_erica
D:9:      layout_gridville, minivault_16, uniq_pikel
D:10:     layout_rooms, kiku_gazebo_pond_becter, serial_shops,
          nicolae_shop_behind_doors, nicolae_shop_fire_sale
          [nicolae_sub_dead_trees]
Temple:   nicolae_temple_no_exploring_needed

Skill      XL: |  1  2  3  4  5  6  7  8  9 |
---------------+----------------------------+-----
Staves         | 4 5 6 8 9 |  9.8
Armour         | 1 2 5 |  5.0
Fighting       | 3 5 |  5.0
Throwing       | |  2.0
Dodging        | |  2.6

Action                   |  1- 3 |  4- 6 |  7- 9 || total
-------------------------+-------+-------+-------++-------
Melee: Quarterstaff      |   125 |   140 |   141 ||   406
       Punch             |     1 |       |       ||     1
 Abil: Shaft Self        |       |       |     2 ||     2
  Use: Scroll            |       |     7 |    10 ||    17
       Potion            |       |       |     6 ||     6
 Stab: Distracted        |       |       |     1 ||     1
Armor: Leather armour    |    13 |       |       ||    13
       Scale mail        |    37 |    39 |    48 ||   124
Dodge: Dodged            |    71 |    77 |    87 ||   235
